 Dungeon Crawl Stone Soup version 0.30.0-29-ga12c61a403 (webtiles) character file.

Game seed: 4085240184031002350

22 GimliDwarf the Gusty (level 2, -3/15 HPs)
             Began as a Tengu Air Elementalist on June 7, 2023.
             Slain by a worm (10 damage)
             ... on level 2 of the Dungeon.
             The game lasted 00:03:33 (1322 turns).

GimliDwarf the Gusty (Tengu Air Elementalist)       Turns: 1322, Time: 00:03:33

Health: -3/15      AC:  2    Str:  8    XL:     2   Next: 91%
Magic:  2/6        EV: 12    Int: 15    God:
Gold:   58         SH:  0    Dex: 14    Spells: 2/5 levels left

rFire   . . .        (no weapon)
rCold   . . .        (no shield)
rNeg    . . .        a - +0 robe
rPois   .            (helmet restricted)
rElec   .            (no cloak)
rCorr   .            (no gloves)
SInv    .            (boots unavailable)
Will    .....        (no amulet)
Stlth   ++           (no ring)
HPRegen 0.22/turn    (no ring)
MPRegen 0.10/turn

%: no passive effects
@: very slightly contaminated
A: beak, talons 3
a: no special abilities


You were on level 2 of the Dungeon.
You visited 1 branch of the dungeon, and saw 2 of its levels.

You collected 58 gold pieces.

Inventory:

Armour
 a - a +0 robe (worn)
Scrolls
 d - 3 scrolls of enchant weapon {unknown}
 f - a scroll of identify {unknown}
 g - a scroll of teleportation {unknown}
 i - a scroll of vulnerability {unknown}
Potions
 b - a potion of magic
 c - a potion of curing {unknown}
 e - a potion of mutation {unknown}
 h - a potion of attraction {unknown}


   Skills:
 - Level 2.1 Dodging
 - Level 2.0 Stealth
 + Level 2.3 Spellcasting
 * Level 2.2 Conjurations
 + Level 4.6 Air Magic


You had 2 spell levels left.
You knew the following spells:

 Your Spells              Type           Power      Damage    Failure   Level
a - Shock                 Conj/Air       48%        1d6       5%          1
b - Static Discharge      Conj/Air       24%        2-3/arc   8%          2

Your spell library contained the following spells:

 Spells                   Type           Power      Damage    Failure   Level
 Swiftness                Air            15%        N/A       10%         3
 Airstrike                Air            7%         2d(2-18)  30%         4


Dungeon Overview and Level Annotations

Branches:
Dungeon (2/15)

Altars:


Innate Abilities, Weirdness & Mutations

You have a beak for a mouth.
You have claws for feet.


Message History

A worm is nearby!
Aiming: Shock (safe; 5% risk of failure)
Press: ? - help, Q - select action, (/) - cycle Shift-Dir - straight line The zap hits the worm.
The worm is moderately wounded.
The zap hits the worm.
The worm is moderately wounded.
You start resting.
A worm is nearby!
You start resting.
Magic restored.
Aiming: Shock (safe; 5% risk of failure)
Press: ? - help, Q - select action, (/) - cycle Shift-Dir - straight line You miscast Shock.
You are very lightly contaminated with residual magic.
Nothing appears to happen.
Unknown command.
Aiming: Shock (safe; 5% risk of failure)
Press: ? - help, Q - select action, (/) - cycle Shift-Dir - straight line The zap hits the worm.
The worm is lightly wounded.
The zap hits the worm.
The worm is lightly wounded.
Aiming: Shock (safe; 5% risk of failure)
Press: ? - help, Q - select action, (/) - cycle Shift-Dir - straight line The zap hits the worm.
The worm is moderately wounded.
The zap hits the worm.
The worm is moderately wounded.
The worm bites you!
Ouch! That really hurt!
Aiming: Shock (safe; 5% risk of failure)
Press: ? - help, Q - select action, (/) - cycle Shift-Dir - straight line The zap hits the worm.
The worm is heavily wounded.
The zap hits the worm.
The worm is severely wounded.
The worm bites you!
Ouch! That really hurt!
You die...

############
#..........######
#......<........#
#..........####.#
#)............#.#
#.....#.....#...#
#...##.#.#.#.##.## #.......#
#..##.⌠.###.8.##@## #.......#
#.####.#.#.#.####w###........
..#.#.#.#.###.#.#..##........
.#.⌠.###.8.###.⌠.#.##........
.[#.#.#.#.#.###.#.....#......
..####.###.#.####...)........
...##.⌠.###.⌠.##.............
#.#.##.#.###.##.#####.#......
......#..w..#...###...# .....


You could see a worm.

Vanquished Creatures
  2 dart slugs (D:1)
  An orc (D:2)
  2 ball pythons (D:1)
  2 endoplasms
  2 goblins (D:1)
  2 jackals (D:1)
  2 frilled lizards
  2 kobolds (D:1)
  2 rats (D:1)
17 creatures vanquished.

Notes
Turn   | Place    | Note
-------+----------+-------------------------------------------
     0 | D:1      | GimliDwarf the Tengu Air Elementalist began the quest for
                  | the Orb.
     0 | D:1      | Reached XP level 1. HP: 10/10 MP: 4/4
   283 | D:1      | Reached XP level 2. HP: 6/15 MP: 1/6
   286 | D:1      | Learned a level 2 spell: Static Discharge
  1322 | D:2      | Slain by a worm

Illustrated notes

Levels and vault maps discovered:
D:1:      zelgadis_glass_arrival_small, layout_loops_ring
D:2:      layout_rooms, basic_altar, grunt_decor_mini_mirrors,
          minmay_crystal_room

Skill      XL: |  1  2 |
---------------+-------+-----
Conjurations   | 2 |  2.2
Dodging        | |  2.1
Stealth        | |  2.0
Spellcasting   | |  2.3
Air Magic      | |  4.6

Action                     || total
---------------------------++-------
  Melee: Unarmed           ||     8
         Kick              ||     2
         Peck              ||     1
   Cast: Shock             ||    55
 Armour: Robe              ||     2
  Dodge: Dodged            ||    10
